 Dungeon Crawl Stone Soup version 0.15.0-12-gccce430 (webtiles) character file.

522 sprout the Cleaver (level 7, -6/61 HPs)
             Began as a Hill Orc Fighter on Sept 1, 2014.
             Mangled by an orc warrior
             ... wielding a +0 trident
              (15 damage)
             ... on Level 4 of the Dungeon.
             The game lasted 00:11:58 (3743 turns).

sprout the Cleaver (Hill Orc Fighter)               Turns: 3743, Time: 00:11:58

HP  -6/61        AC  7     Str 25      XL: 7   Next: 22%
MP   7/7         EV  9     Int  8      God:
Gold 203         SH  0     Dex 11      Spells:  0 memorised,  6 levels left

rFire  . . .     SeeInvis .     a - +0 war axe
rCold  . . .     Clarity  .     b - +0 scale mail
rNeg   . . .     rCorr    .     (no shield)
rPois  .         rRot     .     (no helmet)
rElec  .         Spirit   .     (no cloak)
SustAb .         Warding  .     (no gloves)
rMut   .         Stasis   .     (no boots)
Gourm  .                        (no amulet)
MR     .....                    (no ring)
                                (no ring)

@: mighty, not resistant to hostile enchantments, extremely unstealthy
A: no striking features
a: no special abilities


You were on level 4 of the Dungeon.
You were not hungry.

You visited 1 branch of the dungeon, and saw 4 of its levels.

You collected 203 gold pieces.

Inventory:

Hand weapons
 a - a +0 war axe (weapon)
 k - a +0 whip
 w - the +7 scimitar "Lorouwir" {elec, MR++ Str+3, unknown}
   (You found it on level 4 of the Dungeon)

   Occasionally, upon striking a foe, it will discharge some electrical energy
   and cause terrible harm.
   It affects your strength (+3).
   It affects your resistance to hostile enchantments.
Armour
 b - a +0 scale mail (worn)
Magical devices
 f - a wand of random effects (9) {unknown}
Comestibles
 d - a meat ration
 h - 2 beef jerkies
 m - 3 bread rations
 n - a royal jelly
Scrolls
 q - 2 scrolls of remove curse
 v - a scroll of recharging
Jewellery
 o - a +1 ring of slaying {unknown}
 p - an uncursed ring of poison resistance {unknown}
 r - a cursed ring of teleportation
Potions
 e - a potion of might
 g - 6 potions of curing {unknown}
 i - 3 potions of haste
 j - a potion of porridge
 l - a potion of agility {unknown}
 t - a potion of mutation {unknown}
 u - 3 potions of heal wounds {unknown}
Books
 s - a book of Maledictions

   Spells                             Type                      Level
   Corona                             Hexes                        1
   Sure Blade                         Hexes/Charms                 2
   Ensorcelled Hibernation            Hexes/Ice                    2
   Confuse                            Hexes                        3
   Dazzling Spray                     Conjuration/Hexes            3
   Enslavement                        Hexes                        4


   Skills:
 * Level 5.2 Fighting
 + Level 8.6 Axes
 + Level 4.1 Armour
   Level 3.2 Shields


You had 6 spell levels left.
You didn't know any spells.

Dungeon Overview and Level Annotations

Branches:
Dungeon (4/15)
 Temple: D:4-7

Altars:
Qazlal

Shops:
D:4 [

Annotations:
D:4 isthmus' ghost, average OpSu


Message History

You slash the orc priest!
The orc priest is almost dead.
You barely miss the orc warrior.
The orc warrior is heavily wounded.
The orc priest hits you with a hand axe.
* * * LOW HITPOINT WARNING * * *
The orc warrior hits you with a trident.
* * * LOW HITPOINT WARNING * * *
You slash the orc priest!
You kill the orc priest!
You completely miss the orc warrior.
The orc warrior is heavily wounded.
The orc warrior misses you.
You hit the orc warrior.
The orc warrior is heavily wounded.
The orc warrior hits you but does no damage.
You barely miss the orc warrior.
The orc warrior is heavily wounded.
The orc warrior hits you with a trident!
You die...

,,,,,,,,,,,*,*********,#.........
**********,*.* *,###.######
**********,*.#####****,* #.#
,,,,,,,,,*,*,.....,,,*,* #.#
********,*,**#...#**,*,*##'####
,,,,,,,*,*,* #...# *,*.*#.....#
,,****,*,*,* #...# *,*.##.....#
*,****,*,#.###..o###,*.#......###
,,,,,,,,,#.....)@..#,............
,,,,,,,*,#..######.###.#.########
**,***,*,*,,#............#
*,,,,,,,,*,,#......)..#######
*,,*****,*,,###....)........#
,,,,,,,,,*,,**#.####.....P..#
**********,,,,#.*,,+...####.#
,,,,,>,,,,,,*,.,*,,#...#,,#.#
*******,,,***..,#####..#,,+.#


You could see an orc warrior.

Vanquished Creatures
  An ogre (D:4)
  4 worker ants
  2 orc priests (D:4)
  An orc wizard (D:3)
  8 adders
  4 gnolls (D:3)
  5 worms
  A giant mite (D:2)
  2 giant geckos (D:4)
  12 orcs
  9 goblins
  11 hobgoblins
  4 jackals (D:1)
  14 kobolds
  A ball python (D:4)
  6 bats
  4 giant cockroaches
  3 giant newts
  11 rats
103 creatures vanquished.

Notes
Turn   | Place    | Note
--------------------------------------------------------------
     0 | D:1      | sprout, the Hill Orc Fighter, began the quest for the Orb.
     0 | D:1      | Reached XP level 1. HP: 19/19 MP: 1/1
   485 | D:1      | Reached XP level 2. HP: 23/26 MP: 2/2
   560 | D:1      | Reached skill level 4 in Axes
   964 | D:2      | Reached XP level 3. HP: 3/31 MP: 3/3
  1209 | D:2      | Reached skill level 5 in Axes
  1226 | D:2      | Noticed an air elemental
  1227 | D:2      | Found a stormy altar of Qazlal.
  1229 | D:2      | Noticed a water elemental
  1229 | D:2      | Noticed a fire elemental
  1229 | D:2      | Noticed an earth elemental
  1274 | D:2      | Reached XP level 4. HP: 11/39 MP: 4/4
  1603 | D:2      | Reached skill level 6 in Axes
  2000 | D:2      | Reached XP level 5. HP: 31/45 MP: 5/5
  2252 | D:3      | Reached skill level 7 in Axes
  2623 | D:3      | Reached skill level 8 in Axes
  2634 | D:3      | Reached XP level 6. HP: 51/51 MP: 6/6
  3063 | D:4      | Noticed isthmus' ghost (average OpSu)
  3401 | D:4      | Found Ple Shra's Antique Armour Boutique.
  3673 | D:4      | Got a crude scimitar
  3724 | D:4      | Reached XP level 7. HP: 57/60 MP: 7/7
  3734 | D:4      | Reached skill level 5 in Fighting
  3743 | D:4      | Mangled by an orc warrior

Action                   |  1- 3 |  4- 6 |  7- 9 || total
-------------------------+-------+-------+-------++-------
Melee: War axe           |   101 |   222 |    13 ||   336
  Use: Scroll            |       |     6 |       ||     6
       Potion            |       |     1 |       ||     1
  Eat: Chunk             |     1 |     2 |       ||     3
       Bread ration      |       |     1 |       ||     1
       Fruit             |       |     2 |       ||     2
